 Dungeon Crawl Stone Soup version 0.20.1-1-g8b1a95d (webtiles) character file.

81 Jazqa the Cutter (level 4, -1/29 HPs)
             Began as a Kobold Berserker on Oct 24, 2017.
             Was a Believer of Trog.
             Killed by nerve-wracking pain
             ... invoked by a shadow imp
              (9 damage)
             ... on level 3 of the Dungeon.
             The game lasted 00:05:33 (1845 turns).

Jazqa the Cutter (Kobold Berserker)                 Turns: 1845, Time: 00:05:33

Health: -1/29      AC:  8    Str: 14    XL:     4   Next: 67%
Magic:  4/4        EV: 14    Int:  8    God:    Trog [**....]
Gold:   165        SH:  0    Dex: 15    Spells: 3/3 levels left

rFire    . . .     SeeInvis .   s - +2 dagger (drain)
rCold    + . .     Gourm    .   (shield restricted)
rNeg     . . .     Faith    .   e - +0 ring mail (curse)
rPois    .         Spirit   .   (no helmet)
rElec    .         Reflect  .   (no cloak)
rCorr    .         Harm     .   (no gloves)
MR       .....                  k - +2 pair of boots
Stlth    +.........             (no amulet)
Regen    0.1/turn               C - ring of protection from cold
MPRegen  0.1/turn               m - ring of loudness (curse)

@: no status effects
A: carnivore 3
a: Berserk, Trog's Hand, Burn Spellbooks, Renounce Religion


You were on level 3 of the Dungeon.
You worshipped Trog.
Trog was pleased with you.
You were completely stuffed.

You visited 1 branch of the dungeon, and saw 3 of its levels.

You collected 165 gold pieces.


Innate Abilities, Weirdness & Mutations

You are small and have problems with some larger weapons.
You are carnivorous and can eat meat at any time.


   Skills:
 + Level 4.1 Fighting
 + Level 4.7 Short Blades
 - Level 1.5 Armour
 + Level 3.2 Dodging
 + Level 2.7 Stealth


You had 3 spell levels left.
You didn't know any spells.

Inventory:

Hand Weapons
 a - a +0 short sword
 s - a +2 dagger of draining (weapon)
Missiles
 o - 28 bolts
Armour
 e - a cursed +0 ring mail (worn)
 k - a +2 pair of boots (worn)
Jewellery
 j - an uncursed ring of poison resistance {unknown}
 m - a cursed ring of loudness (right hand)
 C - a ring of protection from cold (left hand)
 R - an uncursed ring of resist corrosion
Wands
 g - a wand of scattershot (5/9)
Potions
 b - 3 potions of curing {unknown}
 d - 2 potions of might
 h - a potion of invisibility {unknown}
 i - a potion of agility {unknown}
 l - a potion of flight {unknown}
 n - 2 potions of cancellation {unknown}
 p - a potion of ambrosia {unknown}
Comestibles
 c - 4 meat rations {@e1}
 f - 3 chunks of flesh

Dungeon Overview and Level Annotations

Branches:
Dungeon (3/15)

Altars:
The Shining One

Annotations:
D:3 1 transporter

########..........#.##.###.####.#
.............).........##..####..
....#...........©......#..##....#
.)...<....÷.▒▒▒▒▒▒▒▒▒)....##....#
............▒8P...P8▒....(....###
............▒P.....P▒............
............▒▒▒▒'▒▒▒▒.........##.
..†......#..▒K≈...≈5▒............
....#...##..▒o≈5@.≈.▒.........##<
.#####).....▒5≈P≈P≈.▒.........##.
.##....####.▒5≈≈♣≈≈.▒.......####.
.##.##.## #.▒.≈≈≈≈≈.▒......## #.
.#..##..###.▒.≈...≈.▒.......####.
...####..##.▒.≈...≈.▒...........#
..######.##.▒#▒▒+▒▒#▒...........#
.....###.##.▒≈..?..≈▒.(..#......#
...(........▒8P$©$P8▒....#......#


You could see a kobold demonologist, an orc priest, 3 shadow imps and an
ufetubus.


Message History

You see here a hobgoblin corpse.
You butcher the hobgoblin corpse.
f - 3 chunks of flesh (gained 2)
You see here a hobgoblin skeleton.
You see here a hobgoblin skeleton.
You see here a dagger.
There is a transporter here.
You enter the transporter and appear at another place.
The shadow imp puffs mist at you.
g - a wand of scattershot (?/9)
There are no items here.
You aren't carrying any spellbooks or scrolls.
Unknown command.
The shadow imp spits at you.
You open the door.
The orc priest mumbles some strange prayers to Beogh against you.
You barely resist. The shadow imp gestures at you.
Pain shoots through your body!
There is an open door here.
The kobold demonologist gestures wildly while chanting.
The orc priest invokes the aid of Beogh against you.
Beogh smites you!
* * * LOW HITPOINT WARNING * * *
The ufetubus hits you.
* * * LOW HITPOINT WARNING * * *
The ufetubus barely misses you. The shadow imp gestures at you.
Pain shoots through your body!
You die...

Skill      XL: |  1  2  3  4 |
---------------+-------------+-----
Stealth        | 1 2 |  2.7
Fighting       | 4 |  4.1
Dodging        | 3 |  3.2
Short Blades   | |  4.7
Armour         | |  1.5

Action                   |  1- 3 |  4- 6 || total
-------------------------+-------+-------++-------
Melee: Short sword       |    79 |    50 ||   129
       Dagger            |       |     8 ||     8
Invok: Berserk           |     2 |       ||     2
  Use: Scroll            |       |     4 ||     4
 Stab: Sleeping          |       |     2 ||     2
  Eat: Chunk             |     9 |     4 ||    13
Armor: Animal skin       |     9 |       ||     9
       Ring mail         |    20 |    10 ||    30
Dodge: Dodged            |    87 |    30 ||   117

Vault maps used:
D:1:      dpeg_arrival_three_same_balls, minmay_stone_trees_small
D:2:      marbit_many_paths, first_bread
D:3:      gammafunk_wand_slinger, overflow_temple_1_default, tso_metal_star

Notes
Turn   | Place    | Note
-------+----------+-------------------------------------------
     0 | D:1      | Jazqa the Kobold Berserker began the quest for the Orb.
     0 | D:1      | Reached XP level 1. HP: 14/14 MP: 1/1
    98 | D:1      | Reached skill level 1 in Stealth
   162 | D:1      | Reached XP level 2. HP: 11/19 MP: 2/2
   779 | D:2      | Reached XP level 3. HP: 20/24 MP: 3/3
   909 | D:2      | Reached skill level 2 in Stealth
   935 | D:2      | Reached skill level 4 in Fighting
   939 | D:2      | Reached ** piety under Trog
   939 | D:2      | Reached XP level 4. HP: 21/29 MP: 4/4
  1100 | D:3      | Found a transporter.
  1106 | D:3      | Noticed a kobold demonologist
  1176 | D:3      | Found a glowing golden altar of the Shining One.
  1197 | D:3      | Reached skill level 3 in Dodging
  1212 | D:3      | Found a transporter.
  1326 | D:3      | Found a glowing golden altar of the Shining One.
  1845 | D:3      | Killed from afar by a shadow imp

Vanquished Creatures
  3 adders
  A worm (D:2)
  A dart slug (D:3)
  2 leopard geckos
  2 orcs (D:3)
  A giant cockroach (D:3)
  4 goblins
  9 hobgoblins
  7 bats
  2 frilled lizards
  11 kobolds
  3 rats
46 creatures vanquished.
